AoeStats
← Malelf

Arabia

507265864Analyzed
1v1 RM · 15d ago on Sep 17, 2026· 24m 38s· 2 players
Game mode
Random Map
Map size
Tiny (2 player)
Population
200
Speed
Normal
Resources
Standard
Victory
Conquest
Starting age
Dark Age
Ending age
Imperial Age
RankedLock teamsTeams togetherTeam positionsShared explorationLock speedFull tech treeHidden civsTurbo modeCheats
Victory
Defeat
🇬🇧 Gurjaras · United Kingdom
1777
+13
🇮🇹 Malay · Italy
1714
-13
Malelf
7:20 Loom
10:04 Feudal Age
9:43 Double-Bit Axe
12:21 Wheelbarrow
19:11 Castle Age
17:34 Fletching
18:07 Gold Mining
19:35 Bodkin Arrow
20:27 Padded Archer Armor
20:24 Crossbowman
zz_Highway
8:28 Loom
10:14 Feudal Age
11:09 Feudal Age
15:15 Castle Age
13:59 Double-Bit Axe
16:04 Horse Collar
17:27 Bow Saw
17:22 Gold Mining
Connection lost

Rejoining the realm…

Still unreachable

The connection could not be restored.

Session expired

The server has moved on; the page needs a fresh start.